 Dungeon Crawl Stone Soup version 0.21.0-3-g78d12a8 (webtiles) character file.

3628 Monsterracer the Basher (level 10, 0/77 HPs)
             Began as a Formicid Fighter on Jan 14, 2018.
             Was a Priest of Wu Jian.
             Slain by an orc warrior
             ... wielding a +0 mace
              (6 damage)
             ... on level 7 of the Dungeon.
             The game lasted 00:11:52 (7641 turns).

Monsterracer the Basher (Formicid Fighter)          Turns: 7641, Time: 00:11:53

Health: 0/77       AC: 10    Str: 25    XL:     10   Next: 33%
Magic:  10/10      EV: 11    Int:  7    God:    Wu Jian [***...]
Gold:   215        SH: 12    Dex: 10    Spells: 9/9 levels left

rFire    . . .     SeeInvis +   a - +0 dire flail (pain)
rCold    . . .     Gourm    +   c - +1 shield
rNeg     . . .     Faith    .   b - +0 scale mail
rPois    .         Spirit   .   (helmet unavailable)
rElec    .         Reflect  .   (no cloak)
rCorr    .         Harm     .   (no gloves)
MR       +....                  h - +1 pair of boots
Stlth    ..........             n - amulet of the gourmand
HPRegen  0.22/turn              (no ring)
MPRegen  0.12/turn              (no ring)

@: no status effects
A: permanent stasis, dig shafts and tunnels, four strong arms, antennae 3
a: Dig, Shaft Self, Wall Jump, Serpent's Lash, Renounce Religion


You were on level 7 of the Dungeon.
You worshipped Wu Jian.
Wu Jian was most pleased with you.
You were not hungry.

You visited 1 branch of the dungeon, and saw 8 of its levels.

You collected 404 gold pieces.
You spent 189 gold pieces at shops.

Inventory:

Hand Weapons
 a - a +0 dire flail of pain (weapon)
Armour
 b - a +0 scale mail (worn)
 c - a +1 shield (worn)
 h - a +1 pair of boots (worn)
Jewellery
 n - an amulet of the gourmand (around neck)
Scrolls
 d - 3 scrolls of remove curse
 g - 2 scrolls of identify
 i - a scroll of magic mapping {!r}
Potions
 j - a potion of magic
 k - 3 potions of curing
 l - a potion of lignification
 m - a potion of agility
 p - a potion of ambrosia {!q}
Comestibles
 f - 13 rations


   Skills:
 + Level 6.9 Fighting
 * Level 9.2 Maces & Flails
 + Level 6.8 Armour
 + Level 4.8 Dodging
 + Level 7.5 Shields


You had 9 spell levels left.
You didn't know any spells.

Dungeon Overview and Level Annotations

Branches:
Dungeon (8/15)             Temple (0/1) D:4
   Lair: D:8-11

Altars:
Fedhas
Kikubaaqudgha
Nemelex Xobeh
Sif Muna
Vehumet
Wu Jian
Zin

Shops:
D:4 (:

Annotations:
D:8 Lovchig's ghost, novice DDFi


Innate Abilities, Weirdness & Mutations

You cannot be hasted, slowed, berserked, paralysed or teleported.
You can dig through walls and to a lower floor.
Your four strong arms can wield two-handed weapons with a shield.
You have a pair of large antennae on your head. (SInv)


Message History

The Council accepts your kill.
You can now briefly move at supernatural speeds.
Things that are here:
a yak corpse x2
Lovchig's ghost (novice Deep Dwarf Fighter) comes into view.
It is wielding a weapon of flaming.
Things that are here:
a dagger; a silver tomahawk; an orc corpse You spin and attack Lovchig's ghost.
You hit Lovchig's ghost.
Lovchig's ghost is lightly damaged.
Lovchig's ghost misses you. The yak misses you.
You puncture the yak!
The yak is heavily wounded.
You hit the yak but do no damage.
The yak is heavily wounded.
The yak misses you.
You puncture the yak!
The yak is almost dead.
The yak gores you.
* * * LOW HITPOINT WARNING * * *
You take 5 damage, and have 26/77 hp.
You sock the yak!
You kill the yak!
The Council accepts your kill.
Lovchig's ghost whispers, "Everlasting silence awaits you..."
There is an open door here.
There is an open door here.
There is a stone staircase leading up here.
You climb upwards.
There is a stone staircase leading down here.
Unknown command.
Unknown command.
You climb downwards.
Level annotation: Lovchig's ghost, novice DDFi The yak gores you but does no damage.
The yak closely misses you. The yak gores you!
* * * LOW HITPOINT WARNING * * *
You block the yak's attack.
There is a stone staircase leading up here.
You take 11 damage, and have 22/77 hp.
Unknown command.
Things that are here:
a ring mail; a club; an orc corpse
Items here: )) [[ †† You see here 17 stones.
You lunge at the yak.
You sock the yak!
The yak is heavily wounded.
A worker ant comes into view.
The worker ant twitches its antennae in your direction.
The yak gores you.
* * * LOW HITPOINT WARNING * * *
You take 6 damage, and have 17/77 hp.
You spin and attack the yak.
You hit the yak.
The yak is severely wounded.
You block the yak's attack.
Found 17 stones.
You lunge at the worker ant, in a flurry of attacks.
You hit the worker ant.
The worker ant is lightly wounded.
You hit the worker ant.
The worker ant is lightly wounded.
You block the worker ant's attack. The worker ant closely misses you.
There is an escape hatch in the ceiling here.
Really go through this one-way escape hatch?
You block the orc warrior's attack. The worker ant completely misses you.
A mysterious force pulls you upwards. The hatch slams shut behind you.
You feel a little less agile now.
Unknown command.
Unknown command.
Unknown command.
Unknown command.
Unknown command.
You spin and attack the orc warrior.
You completely miss the orc warrior. You block the orc warrior's attack.
You hit the worker ant.
The worker ant is heavily wounded.
The worker ant bites you but does no damage.
You block the worker ant's attack.
You hit the worker ant but do no damage.
The worker ant is heavily wounded.
You block the worker ant's attack.
You bludgeon the worker ant!!
You kill the worker ant!
The Council accepts your kill.
You lunge at the orc warrior.
You hit the orc warrior.
The orc warrior is lightly wounded.
The orc warrior closely misses you.
You closely miss the orc warrior.
The orc warrior is lightly wounded.
You block the orc warrior's attack.
You closely miss the orc warrior.
The orc warrior is lightly wounded.
The orc warrior hits you with a mace!
* * * LOW HITPOINT WARNING * * *
You take 14 damage, and have 6/77 hp.
You hit the orc warrior.
The orc warrior is moderately wounded.
You hit the orc warrior but do no damage.
The orc warrior is moderately wounded.
The orc warrior hits you with a mace.
You die...

#.................++###....#
#.................### #....#
#....#####..........# ######
#....# ###.#####+##.# #
###### #.....###.##.# #
#.#.......##.# #
#.###.######.#
#.###........#
#...@o.....### #####.####.#
#.# #.# #.# #.# #.# #.# #.#
#.# ### #.# #.# #.##########


You could see an orc warrior.

Vanquished Creatures
  A two-headed ogre (D:7)
  Prince Ribbit (D:7)
  Sigmund (D:5)
  3 yaks (D:8)
  3 ice beasts
  2 sky beasts
  An ogre (D:7)
  Blork the orc (D:4)
  3 bullfrogs
  2 scorpions (D:7)
  A water moccasin skeleton (D:7)
  5 wights
  2 crimson imps (D:5)
  2 hounds
  A quasit (D:8)
  A jelly (D:5)
  3 orc priests
  Terence (D:2)
  5 orc wizards
  4 iguanas
  Jessica (D:2)
  4 worker ants
  A hound skeleton (D:4)
  A howler monkey zombie (D:5)
  3 worker ant zombies
  8 adders
  4 gnolls
  A shadow imp (D:6)
  An ooze (D:1)
  An adder skeleton (D:7)
  An adder zombie (D:5)
  A dart slug (D:1)
  A worm (D:2)
  3 leopard geckos
  21 orcs
  3 bats
  4 giant cockroaches
  10 hobgoblins
  6 jackals (D:1)
  3 quokkas
  2 ball pythons
  5 frilled lizards
  11 goblins
  2 jackal skeletons
  A jackal zombie (D:7)
  3 kobolds
  A quokka zombie (D:5)
  3 rats
149 creatures vanquished.

Vanquished Creatures (others)
  2 wights (D:7)
  A crimson imp (D:6)
3 creatures vanquished.

Grand Total: 152 creatures vanquished

Notes
Turn   | Place    | Note
-------+----------+-------------------------------------------
     0 | D:1      | Monsterracer the Formicid Fighter began the quest for the Orb.
     0 | D:1      | Reached XP level 1. HP: 18/18 MP: 1/1
   101 | D:1      | Reached XP level 2. HP: 19/24 MP: 2/2
   264 | D:1      | Reached skill level 3 in Maces & Flails
   333 | D:1      | Reached XP level 3. HP: 29/29 MP: 3/3
   706 | D:1      | You fall through a shaft!
   755 | D:2      | Found a deep blue altar of Sif Muna.
   829 | D:2      | Found a transporter.
   857 | D:2      | Found a transporter.
   978 | D:2      | Found a radiant altar of Vehumet.
   980 | D:2      | Found an ancient bone altar of Kikubaaqudgha.
  1186 | D:2      | Noticed Terence
  1205 | D:2      | HP: 13/29 [adder (4)]
  1209 | D:2      | Reached skill level 4 in Maces & Flails
  1209 | D:2      | Reached XP level 4. HP: 9/35 MP: 4/4
  1210 | D:2      | HP: 8/35 [poisoned by an adder]
  1213 | D:2      | Killed Terence
  1217 | D:2      | HP: 5/35 [poisoned by an adder]
  1224 | D:2      | HP: 3/35 [poisoned by an adder]
  1232 | D:2      | HP: 2/35 [poisoned by an adder]
  1842 | D:2      | Noticed Jessica
  1850 | D:2      | Killed Jessica
  1850 | D:2      | Reached XP level 5. HP: 38/41 MP: 5/5
  1932 | D:2      | HP: 20/41 [iguana (9)]
  2368 | D:3      | Found an ornate altar of the Wu Jian Council.
  2377 | D:3      | Became a worshipper of the Wu Jian Council
  2383 | D:3      | Reached skill level 5 in Maces & Flails
  2383 | D:3      | Reached skill level 1 in Dodging
  2383 | D:3      | Reached XP level 6. HP: 32/47 MP: 6/6
  2384 | D:3      | HP: 20/47 [orc priest/divine providence (12)]
  2389 | D:3      | HP: 9/47 [orc priest/divine providence (12)]
  2398 | D:3      | HP: 10/48 [orc/flail (1)]
  2883 | D:3      | Found a faded altar of an unknown god.
  3206 | D:3      | Found a glowing silver altar of Zin.
  3735 | D:4      | Found a staircase to the Ecumenical Temple.
  3796 | D:4      | Noticed Blork the orc
  3803 | D:4      | HP: 24/48 [Blork the orc/vampiric halberd (21)]
  3805 | D:4      | HP: 10/48 [Blork the orc/vampiric halberd (12)]
  3815 | D:4      | Killed Blork the orc
  3815 | D:4      | Reached XP level 7. HP: 9/54 MP: 7/7
  4222 | D:4      | Found a sparkling altar of Nemelex Xobeh.
  4294 | D:4      | Found Megreg's Armour Boutique.
  4351 | D:4      | Reached * piety under Wu Jian
  4641 | D:4      | Found Geloq's Antique Weapon Emporium.
  4646 | D:4      | Bought a runed morningstar for 189 gold pieces
  4697 | D:4      | Found Omiav's Book Boutique.
  4785 | D:5      | Entered Level 5 of the Dungeon
  4885 | D:5      | Reached skill level 6 in Maces & Flails
  5033 | D:5      | Noticed Sigmund
  5037 | D:5      | Killed Sigmund
  5037 | D:5      | Reached skill level 5 in Shields
  5037 | D:5      | Reached XP level 8. HP: 58/61 MP: 8/8
  5175 | D:5      | Found a sparkling altar of Nemelex Xobeh.
  5469 | D:6      | Reached skill level 5 in Fighting
  5469 | D:6      | Reached skill level 5 in Armour
  5592 | D:6      | Reached skill level 7 in Maces & Flails
  5698 | D:6      | HP: 27/62 [ice beast (14)]
  6047 | D:6      | Found a blossoming altar of Fedhas.
  6048 | D:6      | Reached XP level 9. HP: 68/68 MP: 9/9
  6126 | D:6      | Reached ** piety under Wu Jian
  6762 | D:7      | Reached skill level 8 in Maces & Flails
  6831 | D:7      | Noticed Prince Ribbit
  6835 | D:7      | Killed Prince Ribbit
  7267 | D:8      | Noticed a two-headed ogre
  7304 | D:7      | Killed a two-headed ogre
  7304 | D:7      | Reached XP level 10. HP: 77/77 MP: 10/10
  7510 | D:8      | Reached skill level 9 in Maces & Flails
  7572 | D:8      | HP: 35/77 [yak (6)]
  7578 | D:8      | Reached *** piety under Wu Jian
  7580 | D:8      | Noticed Lovchig's ghost (novice DDFi)
  7584 | D:8      | HP: 26/77 [yak (5)]
  7618 | D:8      | HP: 22/77 [yak (12)]
  7625 | D:8      | HP: 17/77 [yak (6)]
  7639 | D:7      | HP: 6/77 [orc warrior/mace (14)]
  7641 | D:7      | Slain by an orc warrior

Skill      XL: |  1  2  3  4  5  6  7  8  9 10 |
---------------+-------------------------------+-----
Maces & Flails | 3 4 5 6 7 8 9 |  9.2
Shields        | 4 5 7 |  7.5
Dodging        | 1 2 3 4 |  4.8
Fighting       | 4 5 6 |  6.9
Armour         | 4 5 6 |  6.8

Action                   |  1- 3 |  4- 6 |  7- 9 | 10-12 || total
-------------------------+-------+-------+-------+-------++-------
Melee: Flail             |   124 |   168 |    51 |       ||   343
       Morningstar       |       |       |   193 |       ||   193
       Dire flail        |       |       |       |    84 ||    84
Invok: Lunge             |       |     6 |    23 |     7 ||    36
       Whirlwind         |       |       |     1 |     3 ||     4
       Wall Jump         |       |       |     1 |     1 ||     2
  Use: Potion            |     2 |     1 |       |     1 ||     4
       Scroll            |       |     8 |     6 |     1 ||    15
  Eat: Chunk             |     1 |    10 |    17 |       ||    28
Armor: Scale mail        |    62 |    51 |    44 |    36 ||   193
       Skin              |       |     3 |       |       ||     3
Dodge: Dodged            |    29 |    56 |    54 |    47 ||   186
Block: Shield            |    59 |    81 |   116 |    66 ||   322

Vault maps used:
D:1:      tarquinn_simple_flora_water_f, minmay_misc_feat_tower
D:2:      gammafunk_temple_overflow_arena,
          chequers_temple_overflow_statue_of_worship, corexii_shack,
          uniq_jessica, uniq_terence
D:3:      lemuel_doored_altar, zin_scriptorium,
          chequers_ecumenical_altar_simple_redux
D:4:      minmay_temple_entry_statues, serial_shops, nicolae_shop_waterfront,
          nicolae_shop_behind_doors, kennysheep_little_box, first_ration,
          nemelex_xobeh_ov_fountains_minmay, uniq_blork_the_orc
D:5:      nicolae_overflow_hidden_temple, uniq_sigmund
D:6:      fedhas_altar_4, hangedman_abyss_or_decor_jellyfish_corner
D:7:      uniq_prince_ribbit1
